[Event "Titled Tuesday Blitz October 04 Late 2022"]
[White "Tristan, Leonardo"]
[Black "Melkumyan, Hrant"]
[WhiteFideId "113816"]
[BlackFideId "13302485"]
[WhiteElo "2446"]
[BlackElo "2604"]
[Result "0-1"]
[Round "03"]
[TimeControl "180+1"]
[Date "2022.10.04"]
[WhiteClock "0:00:04"]
[BlackClock "0:00:15"]

1. d4 d5 2. Nf3 Nf6 3. Bf4 c5 4. e3 Nc6 5. Nbd2 e6 6. c3 Be7 7. Ne5 Nxe5 8. Bxe5 O-O 9. Bd3 Nd7 10. Bf4 Qb6 11. Rb1 f5 12. O-O c4 13. Bc2 Qc6 14. f3 b5 15. e4 Nb6 16. Qe2 Bd6 17. Bxd6 Qxd6 18. exf5 exf5 19. f4 Bd7 20. Nf3 b4 21. Ne5 Ba4 22. Rf3 Bxc2 23. Qxc2 a5 24. Re1 a4 25. cxb4 Qxb4 26. Qf2 a3 27. Nc6 Qd6 28. Ne7+ Kh8 29. bxa3 Nd7 30. Qh4 Qf6 31. Qxf6 Nxf6 32. Re5 Rfc8 33. Nxd5 Ng4 34. Rc3 Nxe5 35. dxe5 Rab8 36. Kf2 Rd8 37. Nb4 Rd4 38. Ke3 Re4+ 39. Kf3 Ra8 40. g4 g6 41. Nd5 Rd4 42. Ne3 fxg4+ 43. Kxg4 Rd3 44. Rxd3 cxd3 45. Kf3 Rxa3 46. Nc4 Rxa2 47. Ke3 Rxh2 48. Kxd3 Kg8 49. Ke4 Kf7 50. Nb6 Ke6 51. Nd5 Re2+ 52. Ne3 Ra2 53. Ng4 Ra4+ 54. Kf3 h5 55. Ne3 Ra3 56. Ke4 Ra1 57. Nc2 Rh1 58. Nd4+ Kf7 59. f5 Rh4+ 60. Kd5 Rxd4+ 61. Kxd4 gxf5 62. Kd5 h4 63. Kd6 Ke8 64. Ke6 h3 0-1


[Site "https://www.chess.com"]

[Event "Titled Tuesday Blitz October 04 Late 2022"]
[White "Vasquez Schroeder, Rodrigo"]
[Black "Atanasov, Anthony"]
[WhiteFideId "3400042"]
[BlackFideId "2623897"]
[WhiteElo "2577"]
[BlackElo "2048"]
[Result "1-0"]
[Round "03"]
[TimeControl "180+1"]
[Date "2022.10.04"]
[WhiteClock "0:01:37"]
[BlackClock "0:00:01"]

1. e4 e5 2. Nf3 Nf6 3. d3 Nc6 4. c3 d5 5. Qc2 h6 6. b4 a6 7. a3 Be6 8. Nbd2 Qd7 9. Bb2 O-O-O 10. Be2 g5 11. O-O-O Bg7 12. h3 Rhe8 13. Nb3 b6 14. c4 d4 15. b5 axb5 16. cxb5 Bxb3 17. Qxb3 Na5 18. Qa4 Qe6 19. Nd2 Qa2 20. Kc2 Kb7 21. Ra1 Qe6 22. Kb1 Ra8 23. Rc1 Nd7 24. Bg4 Qd6 25. Bxd7 Qxd7 26. Nc4 f5 27. f3 fxe4 28. fxe4 Rf8 29. Qc2 Nxc4 30. Qxc4 Rf2 31. a4 Bf8 32. Rc2 Rf1+ 33. Ka2 Rxa1+ 34. Kxa1 Bd6 35. Ka2 Qe8 36. Kb3 Qf8 37. Qd5+ Ka7 38. Rc6 Qg8 39. Qxg8 Rxg8 40. Ba3 Bxa3 41. Kxa3 Kb7 42. Rxh6 Rf8 43. Rg6 Rf2 44. Rxg5 Rd2 45. Rg3 Rc2 46. h4 Rc6 47. bxc6+ 1-0


[Site "https://www.chess.com"]

[Event "Titled Tuesday Blitz October 04 Late 2022"]
[White "Vazquez, Guillermo"]
[Black "Preotu, Razvan"]
[WhiteFideId "3702308"]
[BlackFideId "2613280"]
[WhiteElo "2543"]
[BlackElo "2407"]
[Result "1-0"]
[Round "03"]
[TimeControl "180+1"]
[Date "2022.10.04"]
[WhiteClock "0:00:04"]
[BlackClock "0:00:04"]

1. b3 e5 2. Bb2 Nc6 3. c4 Nge7 4. e3 d5 5. cxd5 Nxd5 6. a3 Be6 7. Qc2 Qd7 8. Nf3 Bf5 9. e4 Bg6 10. h4 Nf6 11. d3 Bd6 12. Nbd2 O-O 13. Be2 Bh5 14. b4 Rfe8 15. O-O Nd4 16. Nxd4 exd4 17. Nb3 Bxe2 18. Qxe2 Nd5 19. Qf3 Nf4 20. g3 Ne6 21. Rac1 b6 22. Nxd4 Be5 23. Nxe6 Bxb2 24. Nxc7 Bxc1 25. Nxe8 Bxa3 26. Nxg7 Kxg7 27. e5 Rd8 28. d4 Bxb4 29. Rd1 Be7 30. d5 Qa4 31. d6 Qc4 32. Rd2 Bf8 33. Qe3 Kg8 34. Qg5+ Kh8 35. Qxd8 Qc1+ 36. Kg2 Kg7 37. Qf6+ Kg8 38. Rd4 Qc6+ 39. Kh2 h6 40. Rg4+ Kh7 41. Qxf7+ 1-0


[Site "https://www.chess.com"]

[Event "Titled Tuesday Blitz October 04 Late 2022"]
[White "Vlassov, Nikolai"]
[Black "Zierk, Steven"]
[WhiteFideId "4103360"]
[BlackFideId "2034255"]
[WhiteElo "2324"]
[BlackElo "2494"]
[Result "0-1"]
[Round "03"]
[TimeControl "180+1"]
[Date "2022.10.04"]
[WhiteClock "0:00:01"]
[BlackClock "0:00:11"]

1. e4 c6 2. d4 d5 3. e5 Bf5 4. Nf3 e6 5. Be2 c5 6. c4 dxc4 7. Bxc4 Nc6 8. Be3 cxd4 9. Nxd4 Nxd4 10. Qxd4 Qxd4 11. Bxd4 Bb4+ 12. Nc3 Ne7 13. O-O O-O 14. f4 Rfd8 15. Be3 Rac8 16. Bb3 Nc6 17. Rfd1 Bxc3 18. bxc3 b6 19. Kf2 Na5 20. Rxd8+ Rxd8 21. Rd1 Rxd1 22. Bxd1 Be4 23. Bb3 Kf8 24. g4 Ke7 25. h4 Kd7 26. Bc1 Kc6 27. Ke3 Bd5 28. Bc2 g6 29. a4 Bb3 30. Be4+ Kd7 31. f5 Ke8 32. h5 exf5 33. gxf5 gxh5 34. Bf3 h4 35. Bh5 h3 36. Kf2 Nc4 37. e6 Nd6 38. exf7+ Bxf7 39. Bg4 Ne4+ 40. Kg1 Nxc3 41. a5 b5 42. Kh2 b4 43. Bd2 Nd5 44. Bd1 Kd7 45. Kxh3 Kc6 46. Bb3 Nf4+ 47. Bxf4 Bxb3 48. Kg4 Kb5 49. Bc7 Bc4 50. Kg5 b3 51. Be5 Kxa5 52. Kh6 Kb4 53. f6 a5 54. Kxh7 a4 55. Bd6+ Kc3 56. Be5+ Kc2 57. Kg7 a3 58. f7 Bxf7 59. Kxf7 b2 0-1


[Site "https://www.chess.com"]

[Event "Titled Tuesday Blitz October 04 Late 2022"]
[White "miragha_yev"]
[Black "Nepomniachtchi, Ian"]
[BlackFideId "4168119"]
[WhiteElo "2776"]
[BlackElo "2781"]
[Result "0-1"]
[Round "03"]
[TimeControl "180+1"]
[Date "2022.10.04"]
[WhiteClock "0:00:15"]
[BlackClock "0:00:20"]

1. e4 c5 2. Nf3 e6 3. d4 cxd4 4. Nxd4 Nc6 5. Nc3 a6 6. Be2 Qc7 7. O-O Nf6 8. Be3 Bb4 9. Na4 Rb8 10. Nxc6 bxc6 11. Qd4 Bd6 12. f4 Rb4 13. c4 Rxa4 14. e5 Be7 15. exf6 Bxf6 16. Qd2 c5 17. a3 d5 18. b3 Ra5 19. Ra2 O-O 20. cxd5 exd5 21. Qd1 c4 22. b4 Rb5 23. Bd4 Bxd4+ 24. Qxd4 Qb6 25. Rd1 Qxd4+ 26. Rxd4 Be6 27. Bf3 a5 28. Rad2 axb4 29. axb4 Rxb4 30. Bxd5 c3 31. Rxb4 cxd2 32. Bf3 Rd8 33. Rb1 Ba2 34. Ra1 Bb3 35. Bd1 Bc4 36. Kf2 g6 37. Be2 Kg7 38. g3 h5 39. Bd1 Re8 40. Bf3 Bb3 41. Rb1 Bc2 42. Ra1 Re7 43. h3 Rc7 44. Bd1 Bf5 45. Ke3 Rc3+ 46. Kf2 Rc1 0-1


[Site "https://www.chess.com"]

[Event "Titled Tuesday Blitz October 04 Late 2022"]
[White "Bayo Milagro, Alvaro"]
[Black "Rustemov, Alexander"]
[WhiteFideId "22275240"]
[BlackFideId "4119002"]
[WhiteElo "2270"]
[BlackElo "2788"]
[Result "0-1"]
[Round "04"]
[TimeControl "180+1"]
[Date "2022.10.04"]
[WhiteClock "0:00:24"]
[BlackClock "0:00:21"]

1. e4 e6 2. Nc3 d5 3. Nf3 Nf6 4. e5 Nfd7 5. d4 Be7 6. Bd3 b6 7. Ne2 Ba6 8. O-O c5 9. Bxa6 Nxa6 10. c3 Nab8 11. c4 O-O 12. cxd5 exd5 13. Nf4 cxd4 14. Nxd5 Nc6 15. Bf4 Nc5 16. Nxe7+ Qxe7 17. Nxd4 Nxd4 18. Qxd4 Rfd8 19. Qe3 Rd3 20. Qe2 Rd4 21. Bg3 Rad8 22. Rad1 Qd7 23. Rxd4 Qxd4 24. h3 h6 25. Kh2 Qd2 26. Qb5 Ne6 27. a4 g5 28. h4 Kg7 29. a5 Qd4 30. h5 Rd5 31. Qe8 Rxa5 32. Rc1 Rc5 33. Ra1 Rc7 34. Rf1 Qd7 35. Qa8 Qd3 36. f4 Qxf1 0-1


[Site "https://www.chess.com"]

[Event "Titled Tuesday Blitz October 04 Late 2022"]
[White "Bluebaum, Matthias"]
[Black "Bazeev, German"]
[WhiteFideId "24651516"]
[BlackFideId "24119350"]
[WhiteElo "2633"]
[BlackElo "2493"]
[Result "1-0"]
[Round "04"]
[TimeControl "180+1"]
[Date "2022.10.04"]
[WhiteClock "0:02:55"]
[BlackClock "0:01:24"]

1. d4 Nf6 2. c4 e6 3. Nc3 Bb4 4. e3 O-O 5. Bd2 Re8 6. Nf3 b6 7. Bd3 Bb7 8. Qc2 d5 9. cxd5 exd5 10. a3 Bf8 11. Ng5 h6 12. Bh7+ 1-0


[Site "https://www.chess.com"]

[Event "Titled Tuesday Blitz October 04 Late 2022"]
[White "Bordi, Kevin"]
[Black "Andreikin, Dmitry"]
[WhiteFideId "621862"]
[BlackFideId "4158814"]
[WhiteElo "2785"]
[BlackElo "2736"]
[Result "1/2-1/2"]
[Round "04"]
[TimeControl "180+1"]
[Date "2022.10.04"]
[WhiteClock "0:00:39"]
[BlackClock "0:01:00"]

1. e4 e6 2. d4 d5 3. exd5 exd5 4. Nf3 Nf6 5. Bd3 c5 6. O-O c4 7. Re1+ Be7 8. Bf1 O-O 9. b3 cxb3 10. axb3 Nc6 11. Ba3 Bg4 12. Bxe7 Nxe7 13. Nbd2 Nf5 14. h3 Bxf3 15. Nxf3 Ne4 16. Bd3 Re8 17. c4 g6 18. Qc2 Nh4 19. Bxe4 dxe4 20. Rxe4 Nxf3+ 21. gxf3 Qg5+ 22. Kh2 Qf6 23. Rae1 Rxe4 24. Qxe4 a5 25. Qxb7 Rd8 26. Qe4 Rxd4 27. Qe8+ Kg7 28. Qe5 Qxe5+ 29. Rxe5 a4 30. bxa4 Rxc4 31. a5 Ra4 32. Rb5 h6 33. Kg3 g5 34. Rc5 Kg6 35. Rb5 f5 36. Rb6+ Kh5 37. a6 Ra3 38. Kg2 Ra1 39. Rf6 Ra3 40. Rb6 1/2-1/2


[Site "https://www.chess.com"]

[Event "Titled Tuesday Blitz October 04 Late 2022"]
[White "Bortnyk, Mykola"]
[Black "Belous, Vladimir"]
[WhiteFideId "14120836"]
[BlackFideId "4174003"]
[WhiteElo "2582"]
[BlackElo "2534"]
[Result "1-0"]
[Round "04"]
[TimeControl "180+1"]
[Date "2022.10.04"]
[WhiteClock "0:01:15"]
[BlackClock "0:00:25"]

1. e4 c5 2. c3 Nf6 3. e5 Nd5 4. Nf3 Nc6 5. Bc4 Nb6 6. Bb3 c4 7. Bc2 d5 8. exd6 Qxd6 9. O-O Bg4 10. Re1 Bh5 11. b3 Qf6 12. Be4 O-O-O 13. Na3 Nd5 14. bxc4 Nxc3 15. dxc3 Rxd1 16. Rxd1 Qxc3 17. Rb1 e6 18. Nb5 Qxc4 19. Bxc6 bxc6 20. Nxa7+ Kc7 21. Rd7+ Kxd7 22. Ne5+ Kc7 23. Nxc4 f6 24. Be3 c5 25. Nb5+ Kc6 26. a4 Be7 27. a5 Ra8 28. Nc3 Bd8 29. Rb5 Be7 30. Rb6+ Kd7 31. a6 Bd8 32. Rd6+ Kc8 33. Bxc5 Bc7 34. Nb6+ Bxb6 35. Rxb6 Kc7 36. Nb5+ 1-0


[Site "https://www.chess.com"]

[Event "Titled Tuesday Blitz October 04 Late 2022"]
[White "Bortnyk, Olexandr"]
[Black "Bartel, Mateusz"]
[WhiteFideId "14120828"]
[BlackFideId "1112635"]
[WhiteElo "2723"]
[BlackElo "2530"]
[Result "1-0"]
[Round "04"]
[TimeControl "180+1"]
[Date "2022.10.04"]
[WhiteClock "0:01:41"]
[BlackClock "0:00:42"]

1. d4 Nf6 2. Nc3 e6 3. e4 d5 4. Bg5 dxe4 5. Nxe4 Be7 6. Bxf6 gxf6 7. Nf3 f5 8. Nc3 a6 9. g3 b5 10. Bg2 Bb7 11. Qe2 b4 12. Na4 Qd6 13. Nc5 Bc6 14. O-O-O O-O 15. g4 Kh8 16. Rhg1 f4 17. g5 a5 18. Kb1 a4 19. Ne5 b3 20. Qh5 bxc2+ 21. Kxc2 Bxg2 22. g6 fxg6 23. Nxg6+ Kg7 24. Rxg2 1-0


[Site "https://www.chess.com"]

[Event "Titled Tuesday Blitz October 04 Late 2022"]
[White "Dimitrov, Atanas"]
[Black "Kollars, Dmitrij"]
[WhiteFideId "2901315"]
[BlackFideId "12909572"]
[WhiteElo "2629"]
[BlackElo "2584"]
[Result "0-1"]
[Round "04"]
[TimeControl "180+1"]
[Date "2022.10.04"]
[WhiteClock "0:00:02"]
[BlackClock "0:01:07"]

1. Nf3 d5 2. e3 c6 3. c4 Nf6 4. Nc3 e6 5. b3 Bd6 6. Bb2 O-O 7. d4 Nbd7 8. Be2 e5 9. dxe5 Nxe5 10. cxd5 cxd5 11. O-O Nc6 12. Nd4 Re8 13. Nxc6 bxc6 14. Rc1 Qe7 15. Na4 Bd7 16. Bd4 Ne4 17. Bf3 c5 18. Bxe4 cxd4 19. Bf3 dxe3 20. Qxd5 Bxa4 21. bxa4 Rad8 22. Qf5 g6 23. Qc2 Bf4 24. Rb1 exf2+ 25. Rxf2 Be3 26. Kh1 Bxf2 27. Qxf2 Qe3 28. Qf1 Rd2 29. h3 Rxa2 30. Bd5 Rf2 31. Qc4 Qe2 32. Qc7 Rf1+ 33. Rxf1 Qxf1+ 34. Kh2 Qf5 0-1


[Site "https://www.chess.com"]

[Event "Titled Tuesday Blitz October 04 Late 2022"]
[White "Garagulya, Konstantin"]
[Black "Vazquez, Guillermo"]
[WhiteFideId "4128931"]
[BlackFideId "3702308"]
[WhiteElo "2329"]
[BlackElo "2543"]
[Result "0-1"]
[Round "04"]
[TimeControl "180+1"]
[Date "2022.10.04"]
[WhiteClock "0:00:06"]
[BlackClock "0:00:14"]

1. d4 d5 2. Nf3 e6 3. c4 dxc4 4. e3 c5 5. Bxc4 Nf6 6. O-O a6 7. b3 Nbd7 8. Bb2 Be7 9. Nbd2 O-O 10. Rc1 b5 11. Be2 Bb7 12. a4 Qb6 13. axb5 axb5 14. dxc5 Bxc5 15. Bd3 h6 16. Qe2 Rab8 17. Rfd1 Rfc8 18. h3 Ba8 19. Ne5 Qb7 20. Ndf3 Rc7 21. Rc2 b4 22. Ba6 Qb6 23. Nxd7 Rxd7 24. Rxd7 Nxd7 25. Bc4 Bf8 26. Rc1 Rc8 27. Ba6 Rxc1+ 28. Bxc1 Bxf3 29. gxf3 Ne5 30. f4 Qc6 31. Bb2 Nf3+ 32. Kf1 Nd4 33. Qg4 Qxa6+ 34. Kg2 Qc6+ 35. Kg3 Nf5+ 36. Kh2 Qc2 0-1


[Site "https://www.chess.com"]

[Event "Titled Tuesday Blitz October 04 Late 2022"]
[White "Hasangatin, Ramil"]
[Black "Demidov, Mikhail"]
[WhiteFideId "4122160"]
[BlackFideId "4197143"]
[WhiteElo "2358"]
[BlackElo "2520"]
[Result "0-1"]
[Round "04"]
[TimeControl "180+1"]
[Date "2022.10.04"]
[WhiteClock "0:00:01"]
[BlackClock "0:00:08"]

1. d4 g6 2. e4 Bg7 3. Nc3 d6 4. Be3 a6 5. a4 Nc6 6. Nf3 Nf6 7. d5 Na7 8. Be2 O-O 9. O-O c6 10. h3 Bd7 11. Nd4 Qc7 12. Bf3 c5 13. Nde2 b5 14. axb5 axb5 15. e5 dxe5 16. d6 exd6 17. Bxa8 Rxa8 18. b4 Rc8 19. bxc5 dxc5 20. Ng3 e4 21. Ncxe4 Nxe4 22. Nxe4 Bf5 23. Nxc5 Bxa1 24. Qxa1 Nc6 25. Rd1 Qe5 26. Qa6 h5 27. Nd7 Bxd7 28. Rxd7 Qe8 29. Rd5 Nb4 30. Qd6 Nxd5 31. Qxd5 Rxc2 32. Qg5 b4 33. Bd4 Kh7 34. Qf6 Qf8 35. g4 Rd2 36. gxh5 Qg8 37. Kh2 Rxd4 38. hxg6+ Qxg6 39. Qxd4 b3 40. Qh4+ Kg8 41. Qd8+ Kh7 42. Qh4+ Kg7 43. Qd4+ f6 44. Qb6 Qd3 45. Qc7+ Kg6 46. Qb8 Qc4 47. Qe8+ Kf5 0-1


[Site "https://www.chess.com"]

[Event "Titled Tuesday Blitz October 04 Late 2022"]
[White "Howell, David W L"]
[Black "Bryakin, Mikhail"]
[WhiteFideId "410608"]
[BlackFideId "4165314"]
[WhiteElo "2567"]
[BlackElo "2367"]
[Result "1-0"]
[Round "04"]
[TimeControl "180+1"]
[Date "2022.10.04"]
[WhiteClock "0:00:05"]
[BlackClock "0:00:05"]

1. b3 d5 2. Bb2 Nf6 3. g3 Bf5 4. Bg2 e6 5. d3 c6 6. Nd2 h6 7. a3 Nbd7 8. h3 Be7 9. e3 O-O 10. Ne2 Bh7 11. g4 Bd6 12. Ng3 Qc7 13. Ndf1 Be5 14. Qc1 Bxb2 15. Qxb2 e5 16. Nd2 a5 17. O-O Rfe8 18. Rae1 Re7 19. Nf3 Rae8 20. Nh4 Nf8 21. Nhf5 Rd7 22. b4 axb4 23. axb4 Bxf5 24. Nxf5 Ng6 25. Ra1 Ne7 26. Ng3 Nc8 27. Ra8 Rdd8 28. Rfa1 Nd6 29. Rxd8 Qxd8 30. Qc3 Qc7 31. Qc5 b6 32. Qc3 e4 33. Qd4 Nb5 34. Qb2 exd3 35. cxd3 d4 36. Nf5 dxe3 37. fxe3 Nd6 38. Nxh6+ Kh7 39. g5 Nd5 40. Bxd5 cxd5 41. Ng4 Nf5 42. Qf2 Nd6 43. Rf1 Kg8 44. Qf4 Qe7 45. Rf2 Qe6 46. Rg2 Nf5 47. Re2 Nh4 48. Kh2 Ng6 49. Qg3 Qf5 50. Nf2 Ne5 51. e4 Qxg5 52. exd5 Qf6 53. Re4 Nf3+ 54. Kg2 Ne1+ 55. Kf1 Rxe4 56. dxe4 Nc2 57. e5 Qf5 58. Qc3 Kh7 59. Ke2 Qg6 60. Ng4 Qf5 61. Kd2 Na3 62. Qxa3 Qf4+ 63. Qe3 Qxb4+ 64. Ke2 Qb2+ 65. Qd2 Qa1 66. Qd3+ g6 67. d6 Kg7 68. d7 Qa2+ 69. Kf3 Qa8+ 70. Kg3 Qd8 71. Qd6 Kh7 72. Qd5 Kg7 73. Qd6 Kh7 74. h4 b5 75. Nf6+ Kg7 76. Nd5 Qa8 77. d8=Q Qa3+ 78. Qxa3 1-0


[Site "https://www.chess.com"]

[Event "Titled Tuesday Blitz October 04 Late 2022"]
[White "Ibarra Jerez, Jose Carlos"]
[Black "Nakamura, Hikaru"]
[WhiteFideId "2226332"]
[BlackFideId "2016192"]
[WhiteElo "2627"]
[BlackElo "2909"]
[Result "0-1"]
[Round "04"]
[TimeControl "180+1"]
[Date "2022.10.04"]
[WhiteClock "0:00:04"]
[BlackClock "0:00:14"]

1. e4 c6 2. Nf3 d5 3. d3 Bg4 4. h3 Bh5 5. Qe2 Nd7 6. g4 dxe4 7. dxe4 Bg6 8. Nh4 e5 9. Nf5 Nc5 10. Bg2 Ne6 11. O-O Bc5 12. Rd1 Qc7 13. Qc4 Qb6 14. Qf1 Nf6 15. Nd2 O-O 16. Nc4 Qc7 17. a4 b5 18. axb5 cxb5 19. Nce3 Nf4 20. Qxb5 Rab8 21. Qf1 Rfd8 22. Nd5 N4xd5 23. exd5 Bxf5 24. gxf5 e4 25. Ra4 Qe5 26. Bg5 Qxf5 27. Bxf6 Qxf6 28. Rxe4 Rxb2 29. Qe2 g6 30. Rd3 Rb1+ 31. Bf1 Qg5+ 32. Rg4 Qf5 33. c4 a5 34. Rf3 Qd7 35. Rgf4 Re8 36. Qd3 Ree1 37. Rxf7 Rxf1+ 38. Kg2 Rg1+ 39. Kh2 Bd6+ 0-1


[Site "https://www.chess.com"]

[Event "Titled Tuesday Blitz October 04 Late 2022"]
[White "Indjic, Aleksandar"]
[Black "Liang, Justin"]
[WhiteFideId "911925"]
[BlackFideId "2099942"]
[WhiteElo "2592"]
[BlackElo "2604"]
[Result "1-0"]
[Round "04"]
[TimeControl "180+1"]
[Date "2022.10.04"]
[WhiteClock "0:00:39"]
[BlackClock "0:00:04"]

1. e4 c5 2. Nf3 e6 3. d4 cxd4 4. Nxd4 Nc6 5. Nc3 Qc7 6. Be3 a6 7. Qf3 Bd6 8. O-O-O Be5 9. Nde2 b5 10. Kb1 Bb7 11. Qh3 d6 12. f4 Bf6 13. f5 Bc8 14. g4 Ne5 15. g5 Be7 16. Nd4 Nc4 17. Bxc4 Qxc4 18. Rd3 e5 19. b3 Qc7 20. Nd5 Qb7 21. Rc3 Bd8 22. Nc6 Bd7 23. Nxd8 Rxd8 24. Rc7 Qb8 25. g6 f6 26. Qxh7 Rxh7 27. gxh7 Ne7 28. h8=Q+ Kf7 29. Qh5+ Kf8 30. Rg1 Nxd5 1-0


[Site "https://www.chess.com"]

[Event "Titled Tuesday Blitz October 04 Late 2022"]
[White "Jaracz, Pawel"]
[Black "Makarian, Rudik"]
[WhiteFideId "1102222"]
[BlackFideId "44105681"]
[WhiteElo "2459"]
[BlackElo "2405"]
[Result "0-1"]
[Round "04"]
[TimeControl "180+1"]
[Date "2022.10.04"]
[WhiteClock "0:00:17"]
[BlackClock "0:01:31"]

1. e4 d6 2. d4 Nf6 3. Nc3 e5 4. Nf3 Nbd7 5. Bc4 Be7 6. O-O O-O 7. a4 c6 8. Qe2 exd4 9. Nxd4 Ne5 10. Ba2 Ng6 11. Rd1 Re8 12. Nf5 Bxf5 13. exf5 Nf8 14. Qf3 d5 15. Ne2 Bc5 16. Bg5 N8d7 17. c3 Qb6 18. Nd4 Ne4 19. Be3 Qxb2 20. Rdc1 Nxc3 21. f6 Bxd4 22. Bxd4 Ne2+ 23. Kh1 Qxd4 0-1


[Site "https://www.chess.com"]

[Event "Titled Tuesday Blitz October 04 Late 2022"]
[White "Jobava, Baadur"]
[Black "Timmermans, Mark"]
[WhiteFideId "13601520"]
[BlackFideId "1026399"]
[WhiteElo "2582"]
[BlackElo "2460"]
[Result "1-0"]
[Round "04"]
[TimeControl "180+1"]
[Date "2022.10.04"]
[WhiteClock "0:02:24"]
[BlackClock "0:01:27"]

1. b3 d5 2. Bb2 Bg4 3. f3 Bh5 4. e3 c6 5. Nc3 e6 6. d4 Nf6 7. Nge2 Bd6 8. g4 Bg6 9. h4 h5 10. g5 Ng8 11. Qd2 Nd7 12. O-O-O Ne7 13. e4 Qa5 14. Kb1 Bb4 15. Qe3 Ba3 16. Bh3 Bxb2 17. Kxb2 O-O-O 18. Nf4 Rhe8 19. Rhe1 dxe4 20. fxe4 e5 21. dxe5 Qxe5 22. Nxg6 Nxg6 23. Qxa7 Kc7 24. Rxd7+ Rxd7 25. Bxd7 1-0


[Site "https://www.chess.com"]

[Event "Titled Tuesday Blitz October 04 Late 2022"]
[White "Kozak, Adam"]
[Black "Besedes, Danilo"]
[WhiteFideId "753246"]
[BlackFideId "946796"]
[WhiteElo "2459"]
[BlackElo "2352"]
[Result "1-0"]
[Round "04"]
[TimeControl "180+1"]
[Date "2022.10.04"]
[WhiteClock "0:00:49"]
[BlackClock "0:00:01"]

1. e4 c6 2. d4 d5 3. e5 Bf5 4. g4 Bd7 5. Nc3 e6 6. Be3 h5 7. gxh5 Ne7 8. Bd3 c5 9. dxc5 Nbc6 10. Nb5 Nc8 11. Nd6+ Nxd6 12. exd6 Qa5+ 13. c3 d4 14. b4 Qa3 15. cxd4 Nxb4 16. Be4 Rxh5 17. Qxh5 Qc3+ 18. Ke2 Qxa1 19. Nh3 Bb5+ 20. Kd2 Qxa2+ 21. Ke1 g6 22. Qd1 f5 23. Bb1 Qb2 24. Nf4 g5 25. Nxe6 f4 26. Nc7+ Kd7 27. Bf5+ Kd8 28. Ne6+ Ke8 29. Qh5+ Kd7 30. Nc7+ Kd8 31. Qxg5+ 1-0


[Site "https://www.chess.com"]

[Event "Titled Tuesday Blitz October 04 Late 2022"]
[White "Le, Tuan Minh"]
[Black "Quesada Perez, Yuniesky"]
[WhiteFideId "12401153"]
[BlackFideId "3504409"]
[WhiteElo "2530"]
[BlackElo "2599"]
[Result "1-0"]
[Round "04"]
[TimeControl "180+1"]
[Date "2022.10.04"]
[WhiteClock "0:00:13"]
[BlackClock "0:00:01"]

1. d4 d5 2. Nf3 Nf6 3. Bf4 c5 4. c3 Nc6 5. e3 Bg4 6. Qb3 Qc8 7. Nbd2 e6 8. Bb5 Nd7 9. O-O a6 10. Be2 c4 11. Qc2 Be7 12. e4 O-O 13. Rfe1 Re8 14. Nf1 dxe4 15. Qxe4 Bf5 16. Qe3 b5 17. Ng3 Bg6 18. Bg5 Nf6 19. Nh4 Nd5 20. Qd2 Bxg5 21. Qxg5 Qd8 22. Qg4 Qa5 23. Nxg6 hxg6 24. a3 Rad8 25. Bf3 Qc7 26. Qh4 Nce7 27. Ne4 Qf4 28. Qh3 Nf5 29. Nc5 a5 30. Re4 Qd2 31. Re2 Qg5 32. Ne4 Qf4 33. Rae1 b4 34. axb4 axb4 35. Bg4 bxc3 36. bxc3 Rf8 37. g3 Qh6 38. Qf1 Rb8 39. Rc2 Rfc8 40. Bf3 Rb3 41. h4 Nxd4 42. cxd4 Rxf3 43. Rxc4 Rf8 44. Rec1 Qh5 45. Ng5 Rf5 46. Rc8 Rxg5 47. Rxf8+ Kxf8 48. hxg5 Qxg5 49. Rc8+ Ke7 50. Qc4 Qd2 51. Rb8 Qe1+ 52. Kg2 Kf6 53. Rb3 g5 54. Rf3+ Kg6 55. Qc2+ f5 56. Ra3 g4 57. Ra2 Kf6 58. Qe2 Qb1 59. Qe5+ Kg6 60. Qxe6+ Nf6 61. Re2 Qd3 62. Qe5 Qf3+ 63. Kg1 Ne4 64. Qe6+ Kg5 65. Qe7+ Kg6 66. Qe8+ Kg5 67. Rxe4 fxe4 68. Qe5+ Kg6 69. d5 e3 70. Qe6+ Kh7 71. Qxe3 Qxd5 72. Qf4 Qh5 73. Qe4+ Qg6 74. Qe5 Qf6 75. Qh5+ Kg8 76. Qxg4 Qe5 77. Qd7 Kh7 78. Qd3+ Kg8 79. Kg2 Qe6 80. f4 Qc6+ 81. Kh2 Qh6+ 82. Kg2 Qc6+ 83. Kf2 Qc5+ 84. Kf3 Qc6+ 85. Qe4 Qc3+ 86. Kg4 Qc8+ 87. Qf5 Qc6 88. Qe5 Qg6+ 89. Kf3 Qd3+ 90. Qe3 Qd1+ 91. Kf2 Qc2+ 92. Qe2 Qc5+ 93. Kg2 Qc6+ 94. Qf3 Qc2+ 95. Kh1 Qb1+ 96. Kh2 Qc2+ 97. Kg1 Qb1+ 98. Qf1 Qb6+ 99. Qf2 Qc6 100. g4 Qe4 101. Kh2 Kh7 102. Kg3 Qd3+ 103. Qf3 Qd2 104. g5 g6 105. Qb7+ Kg8 106. Qb8+ Kg7 107. Qc7+ Kg8 108. Qc8+ Kf7 109. Qb7+ Kg8 110. Qf3 Qe1+ 111. Kg2 Qd2+ 112. Kf1 Qc1+ 113. Kf2 Qd2+ 114. Kg3 Qe1+ 115. Qf2 Qc3+ 116. Kg2 Qc6+ 117. Qf3 Qc2+ 118. Kh3 Qf5+ 119. Kg3 Qb1 120. Qd5+ Kg7 121. Qe5+ Kf7 122. Qc7+ Kg8 123. Qc4+ Kg7 124. Kf3 1-0


[Site "https://www.chess.com"]

[Event "Titled Tuesday Blitz October 04 Late 2022"]
[White "Machidon, Cristi"]
[Black "Sarana, Alexey"]
[WhiteFideId "13904590"]
[BlackFideId "24133795"]
[WhiteElo "2312"]
[BlackElo "2689"]
[Result "0-1"]
[Round "04"]
[TimeControl "180+1"]
[Date "2022.10.04"]
[WhiteClock "0:00:15"]
[BlackClock "0:00:51"]

1. d4 Nf6 2. c4 e6 3. Nc3 Bb4 4. e3 O-O 5. Bd3 d5 6. Nf3 dxc4 7. Bxc4 b6 8. O-O c5 9. a3 Bxc3 10. bxc3 Bb7 11. a4 Nbd7 12. a5 Qc7 13. Qe2 Ne4 14. Bb2 Ndf6 15. Ne5 Nd6 16. Bd3 Rac8 17. axb6 axb6 18. f3 Rfd8 19. Ra7 Qb8 20. Rfa1 Rc7 21. e4 Bxe4 22. fxe4 Rxa7 23. Rxa7 Qxa7 24. Nc6 Qa2 25. Nxd8 c4 26. Bc2 Qxb2 27. e5 Qc1+ 28. Kf2 Qf4+ 29. Kg1 Qc1+ 30. Kf2 Ng4+ 31. Qxg4 Qxc2+ 32. Qe2 Ne4+ 33. Ke3 Qxe2+ 34. Kxe2 Nxc3+ 35. Kd2 Nd5 36. Nc6 b5 0-1


[Site "https://www.chess.com"]

[Event "Titled Tuesday Blitz October 04 Late 2022"]
[White "Melikyan, Gnel"]
[Black "Fawzy, Adham"]
[WhiteFideId "54109990"]
[BlackFideId "10613129"]
[WhiteElo "2138"]
[BlackElo "2541"]
[Result "1-0"]
[Round "04"]
[TimeControl "180+1"]
[Date "2022.10.04"]
[WhiteClock "0:00:13"]
[BlackClock "0:00:31"]

1. e4 c5 2. Nf3 Nc6 3. Bb5 g6 4. Bxc6 bxc6 5. d4 cxd4 6. Qxd4 f6 7. O-O d6 8. c4 e5 9. Qd3 Be6 10. Nc3 Nh6 11. Bxh6 Bxh6 12. Rfd1 Bf8 13. b4 a6 14. a4 Be7 15. b5 axb5 16. axb5 Rxa1 17. Rxa1 cxb5 18. cxb5 O-O 19. Nd5 f5 20. Ra7 Bg5 21. h3 Kh8 22. b6 fxe4 23. Qxe4 Bxd5 24. Qxd5 Qxb6 25. Rb7 Qd8 26. Qe6 Bf6 27. Rd7 Qe8 28. Qxe8 Rxe8 29. Rxd6 Kg7 30. Nd2 e4 31. Rd7+ Kg8 32. Nc4 Bg5 33. Rd5 Bf4 34. g3 e3 35. Kf1 Bh6 36. f4 e2+ 37. Ke1 Bg7 38. Rd3 h5 39. h4 Re4 40. Ne3 Ra4 41. Kxe2 Ra2+ 42. Rd2 Ra3 43. Kf3 Bf8 44. Rc2 Bg7 45. Rd2 Bf8 46. Ke4 Kf7 47. Rd7+ Ke6 48. Rd4 Bc5 49. Rd3 Ra4+ 50. Kf3 Ra2 51. Nd1 Rc2 52. Rc3 Rd2 53. Rxc5 Rxd1 54. Rc6+ Kf5 55. Rc5+ Kf6 56. Rc3 Rf1+ 57. Kg2 Ra1 58. Re3 Ra2+ 59. Kf3 Rb2 60. Re4 Rb3+ 61. Re3 Rb2 62. Re4 Rb3+ 63. Kf2 Rb2+ 64. Re2 Rb3 65. Rd2 Rc3 66. Rd6+ Kf5 67. Rd5+ Kf6 68. Rg5 Ra3 69. Kg1 Rb3 70. Kg2 Rb2+ 71. Kh3 Rb1 72. f5 gxf5 73. Rxh5 Rb3 74. Rh8 f4 75. Rf8+ Kg7 76. Rxf4 Rb5 77. Rg4+ Kh6 78. Re4 Rb2 79. Re6+ Kg7 80. h5 Kf7 81. Rg6 Rb5 82. Kh4 Rb1 83. g4 Rh1+ 84. Kg5 Rb1 85. Kh6 Rb8 86. Rg7+ Kf6 87. g5+ Ke6 88. g6 Kf5 89. Rf7+ Kg4 90. g7 Rb6+ 91. Kh7 Kxh5 92. g8=Q Rh6+ 93. Kg7 Rg6+ 94. Kf8 1-0


[Site "https://www.chess.com"]